 Dungeon Crawl Stone Soup version 0.17-a0-1989-gfb2cd5c (webtiles) character file.

172 Ordine the Skirmisher (level 5, 0/39 HPs)
             Began as an Octopode Fighter on Oct 7, 2015.
             Slain by an orc wizard
             ... wielding a +0 dagger
              (2 damage)
             ... on level 3 of the Dungeon.
             The game lasted 00:03:41 (1505 turns).

Ordine the Skirmisher (Octopode Fighter)            Turns: 1505, Time: 00:03:41

Health: 0/39       AC:  2    Str: 19 (20) XL:     5   Next: 53%
Magic:  4/4        EV:  6    Int: 11      God:
Gold:   69         SH:  0    Dex: 12      Spells: 0 memorised, 4 levels left

rFire  . . .     SeeInvis .     a - +0 long sword
rCold  . . .     Clarity  .     b - +0 shield
rNeg   . . .     SustAt   .     (helmet restricted)
rPois  .         Gourm    .     (no amulet)
rElec  .         Spirit   .     j - -4 ring of evasion (curse)
rCorr  .         Warding  .     (no ring)
rMut   .         Rnd*Tele +     (no ring)
MR     .....                    (no ring)
Stlth  ++........               (no ring)
                                (no ring)
                                (no ring)
                                (no ring)

@: confused, mighty, not resistant to hostile enchantments, unstealthy
A: almost no armour, amphibious, 8 rings, constrict 8, rugged brown scales 1,
camouflage 1, low mp 1, teleportitis 1, gelatinous body 1
a: no special abilities


You were on level 3 of the Dungeon.
You were not hungry.

You visited 1 branch of the dungeon, and saw 3 of its levels.

You collected 69 gold pieces.

Inventory:

Hand Weapons
 a - a +0 long sword (weapon)
Missiles
 f - 5 stones (quivered)
Armour
 b - a +0 shield (worn)
Jewellery
 j - a cursed -4 ring of evasion (left tentacle)
Scrolls
 e - a scroll of amnesia
Potions
 k - a potion of brilliance {unknown}
 m - a potion of curing {unknown}
 n - a potion of heal wounds {unknown}
Comestibles
 d - a bread ration
 g - a slice of pizza
 h - 3 chunks of flesh
 i - 2 beef jerkies


   Skills:
 + Level 4.6 Fighting
 + Level 4.2 Long Blades
 - Level 3.0 Dodging
 - Level 3.0 Shields


You had 4 spell levels left.
You didn't know any spells.

Dungeon Overview and Level Annotations

Branches:
Dungeon (3/15)

Altars:


Innate Abilities, Weirdness & Mutations

You cannot wear most types of armour.
You are amphibious.
You can wear up to eight rings at the same time.
You can use your tentacles to constrict eight enemies at once.
Your skin changes colour to match your surroundings (Stealth).
Your rubbery body absorbs attacks (AC +1).
You are partially covered in rugged brown scales (AC +1, +3% HP).
Your magical capacity is low (-10% MP).
You are occasionally teleported to nearby monsters.


Message History

You are too confused!
Drink which item? (? for menu, Esc to quit)
You feel very mighty all of a sudden.
The orc wizard points at you and mumbles some strange words.
The puff of frost hits something.
Reactivating autopickup.
You feel a bit more experienced.
You're too confused to move!
The orc wizard points at you and mumbles some strange words.
The magic dart hits you!
* * * LOW HITPOINT WARNING * * *
You miss the orc wizard. The orc wizard hits you with a dagger.
* * * LOW HITPOINT WARNING * * *
The orc wizard hits you but does no damage.
Drink which item? (? for menu, Esc to quit)
It was a potion of degeneration.
There was something very wrong with that liquid.
You feel weakened. The orc wizard hits you with a dagger.
You die...

.....#....♣..K...
.....#.#..P....#
..........♣..?##
.........PPo...#.
...........o.....
#o..o......#
#o#.........
#o##†o......
#@##o.......
#.##.†......
..#.#.##........
#...............
####>.#.........
#.........#>.
##.....######
......# .#...#.#


You could see an orc wizard and 2 orcs.

Vanquished Creatures
  Terence (D:2)
  Natasha (thrice) (D:2)
  An orc wizard (D:3)
  3 adders
  A worm (D:2)
  A giant gecko (D:2)
  3 orcs (D:3)
  A bat (D:1)
  3 giant cockroaches
  3 goblins
  4 hobgoblins
  5 jackals
  6 kobolds
  A quokka (D:2)
  2 giant newts (D:2)
  9 rats
47 creatures vanquished.

Vanquished Creatures (others)
  An orc wizard (D:3)
1 creature vanquished.

Grand Total: 48 creatures vanquished

Notes
Turn   | Place    | Note
--------------------------------------------------------------
     0 | D:1      | Ordine the Octopode Fighter began the quest for the Orb.
     0 | D:1      | Reached XP level 1. HP: 16/16 MP: 1/1
   182 | D:1      | Reached XP level 2. HP: 17/21 MP: 2/2
   329 | D:1      | Gained mutation: You are occasionally teleported to nearby monsters. [potion of mutation]
   329 | D:1      | Gained mutation: Your magical capacity is low (-10% MP). [potion of mutation]
   329 | D:1      | Gained mutation: You are partially covered in rugged brown scales (AC +1, +3% HP). [potion of mutation]
   694 | D:2      | Reached XP level 3. HP: 21/26 MP: 2/2
  1058 | D:2      | Noticed Natasha
  1073 | D:2      | Killed Natasha
  1073 | D:2      | Reached XP level 4. HP: 29/33 MP: 3/3
  1110 | D:2      | Found a faded altar to an unknown god.
  1162 | D:2      | Reached skill level 4 in Fighting
  1222 | D:2      | Noticed Terence
  1231 | D:2      | Killed Terence
  1308 | D:2      | Noticed Natasha
  1312 | D:2      | Killed Natasha
  1312 | D:2      | Reached XP level 5. HP: 26/38 MP: 4/4
  1333 | D:2      | Noticed Natasha
  1343 | D:2      | Killed Natasha
  1505 | D:3      | Slain by an orc wizard

Vault maps used:
D:1:      eino_arrival_cavern_d
D:2:      ecumenical_altar_2, uniq_natasha, uniq_terence
D:3:      first_bread, serial_park_tiny_2

Action                   |  1- 3 |  4- 6 || total
-------------------------+-------+-------++-------
Melee: Long sword        |    59 |    42 ||   101
  Use: Scroll            |     4 |       ||     4
       Potion            |     1 |     2 ||     3
 Stab: Sleeping          |     7 |     2 ||     9
       Distracted        |       |     1 ||     1
  Eat: Chunk             |       |     2 ||     2
